AoeStats
← Augustus Bombastus von Hohenheim

African Clearing

510352288Analyzed
4v4 RM · 2d ago on Sep 30, 2026· 54m 38s· 8 players
Game mode
Random Map
Map size
Large (8 player)
Population
200
Speed
Normal
Resources
Standard
Victory
Conquest
Starting age
Dark Age
Ending age
Imperial Age
RankedLock teamsTeams togetherTeam positionsShared explorationLock speedFull tech treeHidden civsTurbo modeCheats
Victory
Defeat
🇨🇳 Hindustanis · China
1791
+11
1720
+13
🇨🇦 Varangians · Canada
1689
+15
🇻🇳 Maya · Vietnam
1646
+16
🇨🇦 Magyars · Canada
1811
-20
🇩🇪 Gurjaras · Germany
1633
-13
🇲🇽 Tupi · Mexico
1619
-12
🇦🇷 Persians · Argentina
1573
-10
Augustus Bombastus von Hohenheim
7:09 Double-Bit Axe
8:27 Loom
13:59 Feudal Age
12:27 Fishing Lines
18:53 Castle Age
20:53 Bow Saw
20:44 Gillnets
24:37 Gold Mining
25:22 Horse Collar
27:58 Scale Barding Armor
28:25 Heavy Plow
30:19 Wheelbarrow
30:04 Forging
30:53 Chain Barding Armor
31:59 Stone Mining
32:45 Gold Shaft Mining
32:29 Hand Cart
32:00 Town Watch
33:01 Husbandry
36:56 Imperial Age
37:10 Elite Coustillier
39:58 Plate Barding Armor
45:17 Conscription
45:03 Burgundian Vineyards
47:01 Guilds
47:50 Iron Casting
54:30 Coinage
挨打不还手
6:14 Loom
13:39 Feudal Age
13:44 Man-at-Arms
22:18 Double-Bit Axe
29:34 Castle Age
29:35 Forging
32:58 Bow Saw
33:36 Horse Collar
38:23 Wheelbarrow
44:27 Imperial Age
43:29 Heavy Plow
44:00 Scale Barding Armor
44:30 Bloodlines
44:52 Heavy Camel Rider
45:51 Gold Mining
47:00 Chain Barding Armor
47:41 Iron Casting
48:25 Plate Barding Armor
48:02 Husbandry
48:27 Hand Cart
49:47 Imperial Camel Rider
51:43 Conscription
53:18 Blast Furnace
53:40 Grand Trunk Road
54:46 Fletching
ZiZi
13:42 Feudal Age
12:04 Loom
13:51 Feudal Age
18:01 Castle Age
16:01 Double-Bit Axe
15:57 Horse Collar
19:12 Bow Saw
20:31 Wheelbarrow
22:01 Fletching
24:55 Bodkin Arrow
27:41 Scale Mail Armor
28:00 Eagle Warrior
28:11 Man-at-Arms
30:15 Long Swordsman
33:44 Ballistics
33:51 Padded Archer Armor
36:34 Gold Mining
36:35 Stone Mining
37:13 Leather Archer Armor
40:49 Imperial Age
39:13 Stone Mining
40:16 Hand Cart
41:33 Bracer
42:35 Chemistry
43:17 Elite Plumed Archer
44:19 Conscription
45:20 Ring Archer Armor
46:21 Masonry
49:20 Architecture
50:02 Two-Man Saw
53:21 Chain Mail Armor
53:16 Forging
TomRiddle
10:10 Loom
13:00 Feudal Age
13:51 Town Watch
16:46 Castle Age
14:35 Double-Bit Axe
15:24 Horse Collar
18:18 Bow Saw
23:51 Wheelbarrow
24:16 Scale Barding Armor
26:09 Heavy Plow
27:56 Hand Cart
29:00 Chain Barding Armor
32:18 Fletching
33:22 Gold Mining
35:33 Bodkin Arrow
41:57 Imperial Age
40:59 Ballistics
41:09 Padded Archer Armor
42:08 Heavy Mounted Crossbowman
44:16 Chemistry
43:50 Bracer
43:40 Cranequins
44:56 Conscription
46:00 Siege Engineers
46:48 Leather Archer Armor
46:07 Capped Ram
47:02 Husbandry
47:34 Pikeman
48:15 Squires
48:16 Scale Mail Armor
48:27 Forging
49:05 Ring Archer Armor
48:22 Halberdier
50:01 Chain Mail Armor
51:31 Plate Mail Armor
52:53 Iron Casting
53:43 Coinage
53:01 Siege Ram
55:06 Banking
DoubleZX
12:32 Feudal Age
14:00 Loom
16:36 Castle Age
14:28 Double-Bit Axe
15:43 Gold Mining
18:13 Bow Saw
19:02 Wheelbarrow
19:01 Horse Collar
22:06 Sanctity
27:18 Town Watch
29:45 Fletching
32:09 Scale Barding Armor
32:15 Forging
32:45 Hand Cart
36:21 Imperial Age
34:06 Stone Mining
34:43 Heavy Plow
35:03 Scale Mail Armor
34:53 Arson
36:11 Iron Casting
37:47 Crop Rotation
37:59 Gold Shaft Mining
38:01 Stone Shaft Mining
38:26 Kshatriyas
38:44 Bodkin Arrow
39:01 Bloodlines
38:51 Husbandry
38:12 Light Cavalry
40:03 Chain Barding Armor
40:36 Heavy Camel Rider
42:10 Plate Barding Armor
43:49 Ballistics
43:07 Elite Shrivamsha Rider
47:24 Hussar
48:55 Conscription
50:58 Treadmill Crane
51:30 Masonry
53:37 Chemistry
53:09 Frontier Guards
54:08 Chain Mail Armor
VX | Evander
11:25 Loom
13:50 Feudal Age
14:41 Champi Runner
17:28 Castle Age
15:43 Scale Mail Armor
15:45 Champi Runner
17:15 Forging
17:41 Champi Warrior
18:25 Squires
19:46 Chain Mail Armor
23:02 Arson
28:39 Wheelbarrow
37:56 Pikeman
42:25 Imperial Age
41:25 Double-Bit Axe
42:29 Fletching
43:31 Elite Champi Warrior
47:02 Horse Collar
50:02 Bodkin Arrow
50:46 Bracer
52:30 Padded Archer Armor
Fs.BlinkAoE
5:39 Loom
11:52 Feudal Age
26:58 Castle Age
25:40 Double-Bit Axe
25:36 Horse Collar
27:34 Wheelbarrow
30:38 Hand Cart
30:21 Town Watch
33:38 Bow Saw
36:04 Stone Mining
39:36 Ballistics
39:09 Fletching
39:20 Padded Archer Armor
39:34 Bloodlines
39:25 Husbandry
43:18 Imperial Age
41:03 Bodkin Arrow
41:42 Gold Mining
43:36 Gold Shaft Mining
43:17 Thumb Ring
43:31 Corvinian Army
43:54 Leather Archer Armor
44:04 Bracer
44:48 Conscription
45:31 Chemistry
45:00 Leather Archer Armor
45:15 Parthian Tactics
45:47 Recurve Bow
45:28 Heavy Cavalry Archer
47:12 Ring Archer Armor
47:24 Scale Barding Armor
50:02 Chain Barding Armor
49:53 Elite Magyar Huszar
52:36 Plate Barding Armor
EL_REY_TUT
9:55 Loom
13:08 Feudal Age
16:47 Castle Age
15:30 Bloodlines
15:08 Double-Bit Axe
17:25 Bow Saw
17:33 Horse Collar
21:46 Husbandry
22:53 Scale Barding Armor
24:11 Chain Barding Armor
25:44 Wheelbarrow
26:19 Town Watch
27:58 Forging
35:50 Heavy Plow
39:58 Gold Mining
39:59 Stone Mining
43:03 Imperial Age
43:28 Iron Casting
42:46 Cavalier
43:47 Conscription
44:33 Plate Barding Armor
44:40 Gold Shaft Mining
43:52 Heavy Camel Rider
44:26 Cavalier
45:46 Hand Cart
46:48 Blast Furnace
48:00 Savar
48:43 Heavy Camel Rider
52:51 Pikeman
53:40 Scale Mail Armor
54:54 Chain Mail Armor
54:00 Halberdier
Connection lost

Rejoining the realm…

Still unreachable

The connection could not be restored.

Session expired

The server has moved on; the page needs a fresh start.